 Dungeon Crawl Stone Soup version 0.31-a0-640-g39d97e502b (webtiles) character file.

Game seed: 2583141279220796096

24 avis the Chopper (level 3, 0/33 HPs)
             Began as a Hill Orc Monk on Aug 27, 2023.
             Slain by Sigmund
             ... wielding a +3 scythe of flaming
              (3 damage)
             ... on level 2 of the Dungeon.
             The game lasted 00:02:49 (1240 turns).

avis the Chopper (Hill Orc Monk)                    Turns: 1240, Time: 00:02:50

Health: 0/33       AC:  3    Str: 15    XL:     3   Next: 2%
Magic:  3/3        EV: 12    Int: 10    God:
Gold:   54         SH:  0    Dex: 13    Spells: 2/2 levels left

rFire   . . .        a - +0 hand axe
rCold   . . .        d - orb {light}
rNeg    . . .        b - +0 robe
rPois   .            (no helmet)
rElec   .            o - +0 cloak
rCorr   .            (no gloves)
SInv    .            (no boots)
Will    .....        (no amulet)
Stlth   +            (no ring)
HPRegen 0.25/turn    (no ring)
MPRegen 0.08/turn

%: no passive effects
@: confused, glowing
A: no striking features
a: no special abilities


You were on level 2 of the Dungeon.
You visited 1 branch of the dungeon, and saw 2 of its levels.

You collected 54 gold pieces.

Inventory:

Hand Weapons
 a - a +0 hand axe (weapon)
 g - a +0 trident
 h - a +0 dagger of freezing
Missiles
 m - 3 poisoned darts
 n - 11 stones
Armour
 b - a +0 robe (worn)
 d - an orb of light (worn)
 o - a +0 cloak (worn)
Magical Staves
 q - a staff of cold
Scrolls
 e - 2 scrolls of identify {unknown}
 f - a scroll of blinking {unknown}
 i - a scroll of fog {unknown}
 j - a scroll of enchant armour {unknown}
 k - a scroll of silence {unknown}
 p - a scroll of immolation {unknown}
Potions
 c - 2 potions of ambrosia
 l - a potion of mutation {unknown}


   Skills:
 - Level 4.0 Fighting
 * Level 5.0 Axes
 - Level 2.5 Dodging


You had 2 spell levels left.
You didn't know any spells.
Your spell library contained the following spells:

 Spells                   Type           Power      Damage    Failure   Level
 Kiss of Death            Conj/Necr      0%         2d5       36%         1
 Confusing Touch          Hex            0%         N/A       75%         3
 Dispel Undead            Necr           0%         3d6       98%         4


Dungeon Overview and Level Annotations

Branches:
Dungeon (2/15)

Altars:

Annotations:
D:2 Sigmund


Message History

You open the door.
You now have 54 gold pieces (gained 4).
You see here a staff of cold.
You see here a staff of cold.
q - a staff of cold You see here a +0 long sword.
There is a stone staircase leading up here.
A ball python comes into view.
Found an escape hatch in the ceiling.
You hit the ball python.
You kill the ball python!
Found a stone staircase leading down.
There is an escape hatch in the ceiling here.
A mysterious force pulls you upwards. The hatch slams shut behind you.
There is a stone staircase leading down here.
You climb downwards.
There is a stone staircase leading up here.
Sigmund the Dreaded comes into view.
He is wielding a +3 scythe of flaming.
Sigmund looks at you with fury.
Sigmund moves out of view.
Sigmund gestures at you while chanting.
You are confused.
You bump into the rock wall.
Sigmund casts a spell at you. The magic dart hits you!
You bump into the rock wall.
Sigmund points at you and mumbles some strange words.
The puff of flame misses you.
You feel less confused.
Sigmund says, "Look into my eyes."
Sigmund gestures at you while chanting.
You are confused.
Sigmund hits you with a +3 scythe of flaming!
Sigmund burns you.
You hit Sigmund but do no damage.
Sigmund hits you with a +3 scythe of flaming!
* * * LOW HITPOINT WARNING * * *
Sigmund burns you.
You die...
Sigmund begins carving another notch in his scythe.

#....
#....
#...#
#.#.#
..#.#
#.#.# .
#.#@# ..
#<#@#
#...
#...##
.'..
#....#..#
#.##....#
#.##.>..#
#.##..#.#
#.##....#
#.##.####
#.##.#


You could see Sigmund.

Vanquished Creatures
  A dart slug (D:1)
  5 ball pythons
  A bat (D:2)
  2 endoplasms (D:1)
  A giant cockroach (D:1)
  3 goblins
  3 hobgoblins
  3 kobolds (D:1)
  A rat (D:1)
20 creatures vanquished.

Notes
Turn   | Place    | Note
-------+----------+-------------------------------------------
     0 | D:1      | avis the Hill Orc Monk began the quest for the Orb.
     0 | D:1      | Reached XP level 1. HP: 19/19 MP: 1/1
   211 | D:1      | Reached XP level 2. HP: 24/27 MP: 2/2
  1021 | D:2      | Reached skill level 5 in Axes
  1021 | D:2      | Reached XP level 3. HP: 28/33 MP: 3/3
  1230 | D:2      | Noticed Sigmund
  1240 | D:2      | Slain by Sigmund

Illustrated notes

Levels and vault maps discovered:
D:1:      ldierk_walled_garden, layout_loops_ring, kennysheep_another_room
D:2:      minmay_recursive_quarters, layout_basic, skrybe_limestone_x,
          minmay_misc_feat_doors, hex_intersection, kennysheep_generic_room_7,
          uniq_jessica, uniq_sigmund

Skill      XL: |  1  2 |
---------------+-------+-----
Fighting       | 4 |  4.0
Axes           | 5 |  5.0
Dodging        | |  2.5

Action                     || total
---------------------------++-------
  Melee: Hand axe          ||    44
 Armour: Robe              ||     6
  Dodge: Dodged            ||    23

Table legend: (Time is in decaauts)
 A = Elapsed time spent in this place.
 B = Non-inter-level travel time spent in this place.
 C = Inter-level travel time spent in this place.
 D = Time resting spent in this place.
 E = Time spent auto-exploring this place.
 F = Levels seen in this place.
 G = Mean time per level.
                   A        B        C        D        E       F      G
               +--------+--------+--------+--------+--------+-----+--------+
         Total |   1247 |   1107 |    140 |    140 |    742 |   2 |  623.5 |
       Dungeon |   1247 |   1107 |    140 |    140 |    742 |   2 |  623.5 |
               +--------+--------+--------+--------+--------+-----+--------+

Top non-repeatable levels by time:
     D:1: 1002 daAuts
     D:2: 244 daAuts
